 Dungeon Crawl Stone Soup version 0.21-a0-538-gd16b88a (webtiles) character file.

11151 tidbits the Martial Artist (level 11, 0/84 HPs)
             Began as a Gnoll Transmuter on Dec 16, 2017.
             Was a High Priest of Cheibriados.
             Slain by a two-headed ogre
             ... wielding a +0 giant club
              (22 damage)
             ... on level 12 of the Dungeon.
             The game lasted 00:34:43 (3807 turns).

tidbits the Martial Artist (Gnoll Transmuter)       Turns: 3807, Time: 00:34:43

Health: 0/84       AC:  2    Str: 29    XL:     11   Next: 73%
Magic:  22/23      EV: 32    Int: 32    God:    Cheibriados [*****.]
Gold:   450        SH:  0    Dex: 33    Spells: 15/26 levels left

rFire    . . .     SeeInvis .     - Unarmed
rCold    . . .     Gourm    .   (shield currently unavailable)
rNeg     . . .     Faith    .   (armour currently unavailable)
rPois    x         Spirit   .   (helmet currently unavailable)
rElec    .         Reflect  .   (cloak currently unavailable)
rCorr    .         Harm     .   (gloves currently unavailable)
MR       .....                  (boots currently unavailable)
Stlth    ++++......             A - amulet of regeneration
HPRegen  0.64/turn              s - +3 ring of intelligence
MPRegen  0.18/turn              (no ring)

@: lethally poisoned (0 -> -3), spider-form, very slow
A: tiny, distributed training, agile 1, deterioration 1, strong 2, strong nose
a: End Transformation, Bend Time, Temporal Distortion, Slouch, Step From Time,
Renounce Religion


You were on level 12 of the Dungeon.
You worshipped Cheibriados.
Cheibriados was extremely pleased with you.
You were very hungry.
You were a venomous arachnid creature.
You visited 2 branches of the dungeon, and saw 13 of its levels.

You collected 450 gold pieces.

Inventory:

Hand Weapons
 i - a +1 dagger of freezing (melded)
   (You took it off a kobold on level 3 of the Dungeon)
 j - a +2 mace of holy wrath
   (You took it off Robin on level 3 of the Dungeon)
 q - a +0 hunting sling
 t - a +0 quarterstaff
 L - a +4 hunting sling of freezing
   (You took it off Joseph on level 9 of the Dungeon)
Missiles
 a - 64 arrows
 f - 214 stones (quivered)
 p - 46 sling bullets
 z - 9 tomahawks
Armour
 m - a +0 robe
 o - a +0 ring mail
 B - a +0 ring mail of magic resistance (melded)
   (You took it off an orc on level 4 of the Dungeon)
 E - a +2 hat (melded)
 F - a +0 pair of boots (melded)
 G - a +0 helmet
 O - a cursed -1 robe
 Q - a +1 robe of cold resistance
   (You took it off a wight on level 10 of the Dungeon)
Jewellery
 s - a +3 ring of intelligence (left front leg)
   (You found it on level 5 of the Dungeon)
 A - an amulet of regeneration (around neck)
   (You found it on level 6 of the Dungeon)
Wands
 C - a wand of acid (4)
 K - a wand of flame (25)
 R - a wand of polymorph (20)
 S - a wand of scattershot (2)
Scrolls
 b - 4 scrolls of enchant armour
 e - a scroll of fog
 g - 3 scrolls of immolation
 v - 3 scrolls of fear {unknown}
 w - a scroll of remove curse
 y - 2 scrolls of enchant weapon
 D - 2 scrolls of amnesia
 H - 2 scrolls of magic mapping
 I - 2 scrolls of noise
 P - a scroll of teleportation
Potions
 k - 3 potions of brilliance
 n - 5 potions of curing
 r - 3 potions of flight
 u - 2 potions of cancellation
 N - a potion of berserk rage
Books
 c - a book of Changes

   Spells                             Type                      Level
   a - Beastly Appendage              Transmutation                1
   b - Sticks to Snakes               Transmutation                2
   c - Spider Form                    Transmutation/Poison         3
   d - Ice Form                       Ice/Transmutation            4
   e - Blade Hands                    Transmutation                5
 M - a book of Air
   (You found it on level 9 of the Dungeon)

   Spells                             Type                      Level
   a - Shock                          Conjuration/Air              1
   b - Swiftness                      Charms/Air                   2
   c - Static Discharge               Conjuration/Air              3
   d - Airstrike                      Air                          4
   e - Lightning Bolt                 Conjuration/Air              5
Miscellaneous
 l - a crystal ball of energy
Comestibles
 d - 3 bread rations
 h - 3 royal jellies
 x - 3 meat rations
 J - 12 fruits


   Skills:
 + Level 7.0 Fighting
 + Level 6.4 Short Blades
 + Level 6.4 Long Blades
 + Level 6.4 Axes
 + Level 6.4 Maces & Flails
 + Level 6.4 Polearms
 + Level 6.4 Staves
 + Level 6.4 Slings
 + Level 6.4 Bows
 + Level 6.4 Crossbows
 + Level 6.4 Throwing
 + Level 6.4 Armour
 + Level 8.0 Dodging
 + Level 6.4 Stealth
 + Level 6.4 Shields
 + Level 9.3 Unarmed Combat
 + Level 8.2 Spellcasting
 + Level 5.3 Conjurations
 + Level 5.3 Hexes
 + Level 5.3 Charms
 + Level 5.3 Summonings
 + Level 5.3 Necromancy
 + Level 5.3 Translocations
 + Level 6.6 Transmutations
 + Level 5.3 Fire Magic
 + Level 5.3 Ice Magic
 + Level 5.3 Air Magic
 + Level 5.3 Earth Magic
 + Level 5.3 Poison Magic
 + Level 7.1 Invocations
 + Level 6.4 Evocations


You had 15 spell levels left.
You knew the following spells:

 Your Spells              Type           Power        Failure   Level  Hunger
e - Beastly Appendage     Tmut           ######       2%          1    None
h - Blade Hands           Tmut           ######....   17%         5    ####...
k - Sticks to Snakes      Tmut           ######..     3%          2    None
p - Spider Form           Tmut/Pois      ######....   4%          3    None


Dungeon Overview and Level Annotations

Branches:
Dungeon (12/15)            Temple (1/1) D:6            Lair (0/6) D:11
    Orc: D:9-12

Altars:
Ashenzari
Cheibriados
Dithmenos
Elyvilon
Gozag
Hepliaklqana
Makhleb
Nemelex Xobeh
Okawaru
Ru
Sif Muna
Trog
Uskayaw
Vehumet
Wu Jian
Xom
Yredelemnul
Zin
The Shining One

Annotations:
D:11 exclusion: cyclops


Innate Abilities, Weirdness & Mutations

Your experience applies equally to all skills.
((You have very sharp teeth.))
Your uncanny sense of smell can sniff out nearby items.
((You are partially covered in molten scales. (AC +2)))
You are agile. (Dex +2)
Your body sometimes deteriorates upon taking damage.
Your muscles are very strong. (Str +4)


Message History

All of the chunks of flesh in your inventory have rotted away.
Found 15 arrows.
There is an open door here.
Your transformation is almost over.
You see here 15 arrows.
a - 46 arrows (gained 15)
Your hands revert to their normal proportions.
Your +1 dagger of freezing unmelds from your body.
Your +1 dagger of freezing glows with a cold blue light!
A cyclops comes into view.
Press: ? - help, v - describe, . - travel
Here: a cyclops (resting)
The floor.
Placed new exclusion.
A hippogriff comes into view.
The hippogriff screeches!
The hippogriff barely misses you.
The hippogriff pecks you but does no damage.
The hippogriff barely misses you. The hippogriff closely misses you.
The hippogriff pecks you. The hippogriff completely misses you.
Casting: Blade Hands
Confirm with . or Enter, or press ? or * to list all spells.
Your hands turn into razor-sharp scythe blades.
Your +1 dagger of freezing melds into your body.
Your +1 dagger of freezing stops glowing.
The hippogriff bites you but does no damage.
The hippogriff misses you. The hippogriff completely misses you.
You hit the hippogriff.
The hippogriff is lightly wounded.
The hippogriff bites you but does no damage.
The hippogriff misses you. The hippogriff barely misses you.
You slash the hippogriff!
The hippogriff is moderately wounded.
The hippogriff bites you!
The hippogriff pecks you but does no damage.
The hippogriff claws you but does no damage.
You shred the hippogriff!!!
You kill the hippogriff!
Cheibriados appreciates the change of pace.
Found a ring mail.
Found a staircase to the Lair.
A centaur comes into view.
You catch the helpless centaur completely off-guard!
You slice the centaur!!
You kill the centaur!
Cheibriados thoroughly appreciates the change of pace.
There is a staircase to the Lair, spattered with blood here.
Things that are here:
a shortbow; 18 arrows
a - 64 arrows (gained 18)
Found a robe.
Your transformation is almost over.
Found a scroll of amnesia.
Your hands revert to their normal proportions.
Your +1 dagger of freezing unmelds from your body.
Your +1 dagger of freezing glows with a cold blue light!
Found a stone staircase leading up.
You see here a scroll of amnesia.
D - 2 scrolls of amnesia (gained 1)
You are feeling very hungry.
There is an open door here.
There is an open door here.
There is an escape hatch in the floor here.
You slide downwards.
The hatch slams shut behind you.
A scorpion, a two-headed ogre and 2 cyclopes come into view.
The cyclops shouts! x2
Found a stone staircase leading down.
Casting: Blade Hands
Confirm with . or Enter, or press ? or * to list all spells.
You turn into a venomous arachnid creature.
Your +1 dagger of freezing melds into your body.
Your +2 hat melds into your body.
Your +0 pair of boots melds into your body.
Your +0 ring mail of magic resistance melds into your body.
Your +1 dagger of freezing stops glowing.
You feel less resistant to hostile enchantments.
The cyclops throws a large rock.
The large rock hits you!!
You see here a large rock.
The scorpion completely misses you.
The cyclops throws a large rock.
The large rock completely misses you.
You see here a large rock.
The scorpion barely misses you. The scorpion closely misses you.
A jelly comes into view.
The scorpion stings you!
You are poisoned.
The scorpion poisons you!
You feel very sick.
You bite the two-headed ogre!
The two-headed ogre looks as sick as possible!
The two-headed ogre is lightly wounded.
You feel sick.
You maul the two-headed ogre!!
The two-headed ogre looks as sick as possible!
The two-headed ogre is heavily wounded.
You feel sick.
The two-headed ogre hits you with a giant club!!
* * * LOW HITPOINT WARNING * * *
The two-headed ogre hits you with a giant club!!
You die...

#. #. .#. ..#
.... .. .......
.....#. .......
.......####
.......sOs#
.....#.##.##
...........# ∆ .
...##....##
..... ###..(#
##......#.C(####
## ...........#
##.........#
##.......J#


You could see a two-headed ogre and a scorpion.

Vanquished Creatures
  Gastronok (D:8)
  2 two-headed ogres (D:9)
  The ghost of anet the Jinx, a novice DEWz of Ashenzari (D:8)
  Pikel (D:8)
  Psyche (D:10)
  Joseph (D:9)
  A kobold demonologist (D:11)
  Grinder (D:3)
  2 hippogriffs
  A wyvern (D:9)
  A wraith (D:9)
  5 yaks (D:10)
  Menkaure (D:4)
  A water moccasin (D:9)
  Purgy (D:4)
  4 slaves (D:8)
  4 ice beasts
  3 orc warriors
  A sky beast (D:6)
  4 ogres
  3 centaurs
  The ghost of tidbits the Digger, an amateur GnEE of Cheibriados (D:3)
  13 big kobolds
  3 bullfrogs
  4 scorpions
  6 wights
  7 crimson imps
  4 hounds
  3 centaur skeletons
  An iron imp (D:9)
  A bullfrog skeleton (D:7)
  4 orc priests
  A bullfrog zombie (D:8)
  8 orc wizards
  4 worker ants
  A hound zombie (D:7)
  Robin (D:3)
  2 worker ant zombies
  9 adders
  3 gnolls (D:2)
  An ooze (D:1)
  An adder skeleton (D:9)
  2 adder zombies
  A worm (D:3)
  6 leopard geckos
  30 orcs
  5 giant cockroaches
  12 goblins
  5 hobgoblins
  10 jackals
  18 kobolds
  6 quokkas
  A ball python (D:1)
  2 bats
  3 frilled lizards
  A quokka skeleton (D:9)
  4 rats
224 creatures vanquished.

Vanquished Creatures (collateral kills)
  A two-headed ogre (D:8)
  A yak (D:10)
  An orc warrior (D:8)
  A big kobold (D:11)
  A wight (D:10)
  An adder (D:10)
  5 orcs
  A goblin (D:2)
  A kobold (D:8)
  A leopard gecko skeleton (D:4)
14 creatures vanquished.

Vanquished Creatures (others)
  A goblin (D:2)
1 creature vanquished.

Grand Total: 239 creatures vanquished

Notes
Turn   | Place    | Note
-------+----------+-------------------------------------------
     0 | D:1      | tidbits the Gnoll Transmuter began the quest for the Orb.
     0 | D:1      | Reached XP level 1. HP: 17/17 MP: 6/6
    31 | D:1      | Reached XP level 2. HP: 19/23 MP: 7/7
    38 | D:1      | Learned a level 2 spell: Sticks to Snakes
   159 | D:2      | Reached skill level 5 in Spellcasting
   159 | D:2      | Reached XP level 3. HP: 24/28 MP: 4/9
   164 | D:2      | Learned a level 3 spell: Spider Form
   250 | D:2      | Found a white marble altar of Elyvilon.
   250 | D:2      | Found a glowing golden altar of the Shining One.
   252 | D:2      | Found a glowing silver altar of Zin.
   310 | D:2      | Reached skill level 1 in Invocations
   313 | D:2      | Reached skill level 1 in Short Blades
   313 | D:2      | Reached skill level 1 in Long Blades
   313 | D:2      | Reached skill level 1 in Axes
   313 | D:2      | Reached skill level 1 in Maces & Flails
   313 | D:2      | Reached skill level 1 in Polearms
   313 | D:2      | Reached skill level 1 in Staves
   313 | D:2      | Reached skill level 1 in Slings
   313 | D:2      | Reached skill level 1 in Bows
   313 | D:2      | Reached skill level 1 in Crossbows
   313 | D:2      | Reached skill level 1 in Throwing
   313 | D:2      | Reached skill level 1 in Armour
   313 | D:2      | Reached skill level 1 in Stealth
   313 | D:2      | Reached skill level 1 in Shields
   313 | D:2      | Reached skill level 1 in Evocations
   313 | D:2      | Reached XP level 4. HP: 26/34 MP: 2/11
   424 | D:3      | Noticed Grinder
   493 | D:3      | Paralysed by Grinder for 5 turns
   502 | D:3      | Gained mutation: Your magical capacity is low. (-10% MP) [potion of mutation]
   502 | D:3      | Gained mutation: You are partially covered in molten scales. (AC +2) [potion of mutation]
   516 | D:3      | Killed Grinder
   516 | D:3      | Reached skill level 3 in Fighting
   516 | D:3      | Reached skill level 1 in Conjurations
   516 | D:3      | Reached skill level 1 in Hexes
   516 | D:3      | Reached skill level 1 in Charms
   516 | D:3      | Reached skill level 1 in Summonings
   516 | D:3      | Reached skill level 1 in Necromancy
   516 | D:3      | Reached skill level 1 in Translocations
   516 | D:3      | Reached skill level 4 in Transmutations
   516 | D:3      | Reached skill level 1 in Fire Magic
   516 | D:3      | Reached skill level 1 in Ice Magic
   516 | D:3      | Reached skill level 1 in Air Magic
   516 | D:3      | Reached skill level 1 in Earth Magic
   516 | D:3      | Reached skill level 1 in Poison Magic
   516 | D:3      | Reached skill level 2 in Invocations
   516 | D:3      | Reached XP level 5. HP: 11/41 MP: 2/11
   516 | D:3      | Reached XP level 6. HP: 13/47 MP: 2/12
   658 | D:4      | Noticed an ice beast
   710 | D:3      | Noticed Robin
   733 | D:3      | Killed Robin
   792 | D:3      | Noticed tidbits's ghost (amateur GnEE)
   838 | D:5      | Entered Level 5 of the Dungeon
   859 | D:5      | Reached skill level 2 in Short Blades
   859 | D:5      | Reached skill level 2 in Long Blades
   859 | D:5      | Reached skill level 2 in Axes
   859 | D:5      | Reached skill level 2 in Maces & Flails
   859 | D:5      | Reached skill level 2 in Polearms
   859 | D:5      | Reached skill level 2 in Staves
   859 | D:5      | Reached skill level 2 in Slings
   859 | D:5      | Reached skill level 2 in Bows
   859 | D:5      | Reached skill level 2 in Crossbows
   859 | D:5      | Reached skill level 2 in Throwing
   859 | D:5      | Reached skill level 2 in Armour
   859 | D:5      | Reached skill level 5 in Dodging
   859 | D:5      | Reached skill level 2 in Stealth
   859 | D:5      | Reached skill level 2 in Shields
   859 | D:5      | Reached skill level 2 in Evocations
   944 | D:4      | Killed an ice beast
   947 | D:4      | Reached XP level 7. HP: 16/52 MP: 7/13
   969 | D:4      | Noticed Menkaure
   981 | D:4      | Killed Menkaure
   981 | D:4      | Reached skill level 7 in Unarmed Combat
  1033 | D:4      | Noticed Purgy
  1054 | D:4      | Reached skill level 2 in Conjurations
  1054 | D:4      | Reached skill level 2 in Hexes
  1054 | D:4      | Reached skill level 2 in Charms
  1054 | D:4      | Reached skill level 2 in Summonings
  1054 | D:4      | Reached skill level 2 in Necromancy
  1054 | D:4      | Reached skill level 2 in Translocations
  1054 | D:4      | Reached skill level 2 in Fire Magic
  1054 | D:4      | Reached skill level 2 in Ice Magic
  1054 | D:4      | Reached skill level 2 in Air Magic
  1054 | D:4      | Reached skill level 2 in Earth Magic
  1054 | D:4      | Reached skill level 2 in Poison Magic
  1183 | D:6      | Found an ornate altar of the Wu Jian Council.
  1309 | D:5      | Reached skill level 3 in Invocations
  1430 | D:6      | Found a staircase to the Ecumenical Temple.
  1440 | Temple   | Entered the Ecumenical Temple
  1540 | D:6      | Lost mutation: Your magical capacity is low. (-10% MP) [potion of mutation]
  1540 | D:6      | Gained mutation: You are frail. (-10% HP) [potion of mutation]
  1540 | D:6      | Lost mutation: You are frail. (-10% HP) [potion of mutation]
  1543 | D:6      | Reached XP level 8. HP: 54/60 MP: 11/16
  1614 | D:7      | Found a shadowy altar of Dithmenos.
  1615 | D:7      | Found a hazy altar of Hepliaklqana.
  1688 | D:6      | Reached skill level 4 in Fighting
  1688 | D:6      | Reached skill level 3 in Short Blades
  1688 | D:6      | Reached skill level 3 in Long Blades
  1688 | D:6      | Reached skill level 3 in Axes
  1688 | D:6      | Reached skill level 3 in Maces & Flails
  1688 | D:6      | Reached skill level 3 in Polearms
  1688 | D:6      | Reached skill level 3 in Staves
  1688 | D:6      | Reached skill level 3 in Slings
  1688 | D:6      | Reached skill level 3 in Bows
  1688 | D:6      | Reached skill level 3 in Crossbows
  1688 | D:6      | Reached skill level 3 in Throwing
  1688 | D:6      | Reached skill level 3 in Armour
  1688 | D:6      | Reached skill level 3 in Stealth
  1688 | D:6      | Reached skill level 3 in Shields
  1688 | D:6      | Reached skill level 3 in Evocations
  1693 | D:6      | Gained mutation: Your muscles are strong. (Str +2) [mutagenic meat]
  1694 | D:6      | Gained mutation: Your body sometimes deteriorates upon taking damage. [mutagenic meat]
  1695 | D:6      | Gained mutation: Your muscles are very strong. (Str +4) [mutagenic meat]
  1698 | D:6      | Gained mutation: You are agile. (Dex +2) [mutagenic meat]
  1775 | D:7      | Reached skill level 6 in Spellcasting
  1782 | D:7      | Found a snail-covered altar of Cheibriados.
  1790 | D:7      | Became a worshipper of Cheibriados the Contemplative
  1907 | D:7      | Found a deep blue altar of Sif Muna.
  2038 | D:8      | Reached skill level 3 in Conjurations
  2038 | D:8      | Reached skill level 3 in Hexes
  2038 | D:8      | Reached skill level 3 in Charms
  2038 | D:8      | Reached skill level 3 in Summonings
  2038 | D:8      | Reached skill level 3 in Necromancy
  2038 | D:8      | Reached skill level 3 in Translocations
  2038 | D:8      | Reached skill level 3 in Fire Magic
  2038 | D:8      | Reached skill level 3 in Ice Magic
  2038 | D:8      | Reached skill level 3 in Air Magic
  2038 | D:8      | Reached skill level 3 in Earth Magic
  2038 | D:8      | Reached skill level 3 in Poison Magic
  2038 | D:8      | Reached skill level 4 in Invocations
  2045 | D:8      | Found a basalt altar of Yredelemnul.
  2052 | D:8      | Found a hide-covered altar of Uskayaw.
  2052 | D:8      | Noticed anet's ghost (novice DEWz)
  2053 | D:8      | Noticed a two-headed ogre
  2073 | D:8      | Killed anet's ghost
  2073 | D:8      | Reached skill level 4 in Short Blades
  2073 | D:8      | Reached skill level 4 in Long Blades
  2073 | D:8      | Reached skill level 4 in Axes
  2073 | D:8      | Reached skill level 4 in Maces & Flails
  2073 | D:8      | Reached skill level 4 in Polearms
  2073 | D:8      | Reached skill level 4 in Staves
  2073 | D:8      | Reached skill level 4 in Slings
  2073 | D:8      | Reached skill level 4 in Bows
  2073 | D:8      | Reached skill level 4 in Crossbows
  2073 | D:8      | Reached skill level 4 in Throwing
  2073 | D:8      | Reached skill level 4 in Armour
  2073 | D:8      | Reached skill level 6 in Dodging
  2073 | D:8      | Reached skill level 4 in Stealth
  2073 | D:8      | Reached skill level 4 in Shields
  2073 | D:8      | Reached skill level 5 in Transmutations
  2073 | D:8      | Reached skill level 4 in Evocations
  2073 | D:8      | Reached XP level 9. HP: 29/67 MP: 12/18
  2083 | D:8      | Killed a two-headed ogre
  2083 | D:8      | Reached * piety under Cheibriados
  2083 | D:8      | Reached skill level 5 in Fighting
  2144 | D:8      | Noticed Gastronok
  2173 | D:8      | Learned a level 5 spell: Blade Hands
  2193 | D:8      | Noticed Pikel
  2219 | D:8      | Killed Pikel
  2219 | D:8      | Reached skill level 8 in Unarmed Combat
  2219 | D:8      | Reached skill level 5 in Invocations
  2246 | D:9      | Noticed a two-headed ogre
  2293 | D:8      | Reached XP level 10. HP: 71/74 MP: 16/20
  2298 | D:8      | Reached skill level 7 in Spellcasting
  2364 | D:8      | Killed Gastronok
  2364 | D:8      | Reached skill level 5 in Short Blades
  2364 | D:8      | Reached skill level 5 in Long Blades
  2364 | D:8      | Reached skill level 5 in Axes
  2364 | D:8      | Reached skill level 5 in Maces & Flails
  2364 | D:8      | Reached skill level 5 in Polearms
  2364 | D:8      | Reached skill level 5 in Staves
  2364 | D:8      | Reached skill level 5 in Slings
  2364 | D:8      | Reached skill level 5 in Bows
  2364 | D:8      | Reached skill level 5 in Crossbows
  2364 | D:8      | Reached skill level 5 in Throwing
  2364 | D:8      | Reached skill level 5 in Armour
  2364 | D:8      | Reached skill level 7 in Dodging
  2364 | D:8      | Reached skill level 5 in Stealth
  2364 | D:8      | Reached skill level 5 in Shields
  2364 | D:8      | Reached skill level 4 in Conjurations
  2364 | D:8      | Reached skill level 4 in Hexes
  2364 | D:8      | Reached skill level 4 in Charms
  2364 | D:8      | Reached skill level 4 in Summonings
  2364 | D:8      | Reached skill level 4 in Necromancy
  2364 | D:8      | Reached skill level 4 in Translocations
  2364 | D:8      | Reached skill level 4 in Fire Magic
  2364 | D:8      | Reached skill level 4 in Ice Magic
  2364 | D:8      | Reached skill level 4 in Air Magic
  2364 | D:8      | Reached skill level 4 in Earth Magic
  2364 | D:8      | Reached skill level 4 in Poison Magic
  2364 | D:8      | Reached skill level 5 in Evocations
  2512 | D:9      | Noticed Joseph
  2519 | D:9      | Reached skill level 6 in Fighting
  2527 | D:9      | Killed Joseph
  2549 | D:9      | Reached skill level 6 in Transmutations
  2549 | D:9      | Reached skill level 6 in Invocations
  2559 | D:9      | Reached ** piety under Cheibriados
  2898 | D:4      | Killed Purgy
  3015 | D:3      | Killed tidbits's ghost
  3242 | D:9      | Reached *** piety under Cheibriados
  3269 | D:9      | Killed a two-headed ogre
  3269 | D:9      | Reached XP level 11. HP: 83/83 MP: 18/22
  3322 | D:10     | Entered Level 10 of the Dungeon
  3413 | D:10     | Noticed Psyche
  3422 | D:10     | Killed Psyche
  3422 | D:10     | Reached skill level 6 in Short Blades
  3422 | D:10     | Reached skill level 6 in Long Blades
  3422 | D:10     | Reached skill level 6 in Axes
  3422 | D:10     | Reached skill level 6 in Maces & Flails
  3422 | D:10     | Reached skill level 6 in Polearms
  3422 | D:10     | Reached skill level 6 in Staves
  3422 | D:10     | Reached skill level 6 in Slings
  3422 | D:10     | Reached skill level 6 in Bows
  3422 | D:10     | Reached skill level 6 in Crossbows
  3422 | D:10     | Reached skill level 6 in Throwing
  3422 | D:10     | Reached skill level 6 in Armour
  3422 | D:10     | Reached skill level 6 in Stealth
  3422 | D:10     | Reached skill level 6 in Shields
  3422 | D:10     | Reached skill level 9 in Unarmed Combat
  3422 | D:10     | Reached skill level 6 in Evocations
  3430 | D:10     | Reached skill level 5 in Conjurations
  3430 | D:10     | Reached skill level 5 in Hexes
  3430 | D:10     | Reached skill level 5 in Charms
  3430 | D:10     | Reached skill level 5 in Summonings
  3430 | D:10     | Reached skill level 5 in Necromancy
  3430 | D:10     | Reached skill level 5 in Translocations
  3430 | D:10     | Reached skill level 5 in Fire Magic
  3430 | D:10     | Reached skill level 5 in Ice Magic
  3430 | D:10     | Reached skill level 5 in Air Magic
  3430 | D:10     | Reached skill level 5 in Earth Magic
  3430 | D:10     | Reached skill level 5 in Poison Magic
  3435 | D:10     | Reached **** piety under Cheibriados
  3437 | D:10     | Reached skill level 8 in Spellcasting
  3488 | D:9      | Noticed a two-headed ogre
  3493 | D:9      | Found a snail-covered altar of Cheibriados.
  3498 | D:9      | Killed a two-headed ogre
  3636 | D:11     | Reached skill level 7 in Invocations
  3652 | D:11     | Reached ***** piety under Cheibriados
  3660 | D:11     | Reached skill level 7 in Fighting
  3660 | D:11     | Reached skill level 8 in Dodging
  3688 | D:11     | Noticed a cyclops
  3716 | D:11     | Found a staircase to the Lair.
  3797 | D:12     | Noticed a two-headed ogre
  3797 | D:12     | Noticed a cyclops
  3797 | D:12     | Noticed a cyclops
  3807 | D:12     | Slain by a two-headed ogre

Vault maps used:
D:1:      tarquinn_simple_flora_water_c, minmay_hexomino_p4
D:2:      good_gods_temple_1, grunt_qazlal_clouds
D:3:      minmay_wonky_spiral, kennysheep_generic_room_7, uniq_grinder,
          uniq_robin
D:4:      uniq_menkaure, uniq_purgy, uniq_crazy_yiuf_cottage
D:5:      first_bread
D:6:      grunt_temple_overflow_growth_and_decay, lemuel_round_altar,
          minmay_temple_entry_overgrown
D:7:      overflow_temple_1_default, slow_altar_1,
          nicolae_overflow_hidden_temple
D:8:      lemuel_crystal_altar, yredelemnul_altar_generic, blue_anna_alchemist,
          minmay_misc_feat_iff, uniq_pikel, uniq_gastronok
D:9:      basic_altar, minmay_misc_feat_chi, uniq_joseph
D:10:     orc_0_dummy, uniq_maurice, uniq_psyche
D:11:     lair_entry_dummy, special_room, uniq_snorg
D:12:     minmay_misc_feat_room
Temple:   jpeg_temple_island

Skill      XL: |  1  2  3  4  5  6  7  8  9 10 11 |
---------------+----------------------------------+-----
Spellcasting   | 5 6 7 8 |  8.2
Invocations    | 1 2 3 4 5 6 7 |  7.1
Short Blades   | 1 2 4 5 6 |  6.4
Long Blades    | 1 2 4 5 6 |  6.4
Axes           | 1 2 4 5 6 |  6.4
Maces & Flails | 1 2 4 5 6 |  6.4
Polearms       | 1 2 4 5 6 |  6.4
Staves         | 1 2 4 5 6 |  6.4
Slings         | 1 2 4 5 6 |  6.4
Bows           | 1 2 4 5 6 |  6.4
Crossbows      | 1 2 4 5 6 |  6.4
Throwing       | 1 2 4 5 6 |  6.4
Armour         | 1 2 4 5 6 |  6.4
Stealth        | 1 2 4 5 6 |  6.4
Shields        | 1 2 4 5 6 |  6.4
Evocations     | 1 2 4 5 6 |  6.4
Fighting       | 3 4 5 6 7 |  7.0
Conjurations   | 1 2 3 4 5 |  5.3
Hexes          | 1 2 3 4 5 |  5.3
Charms         | 1 2 3 4 5 |  5.3
Summonings     | 1 2 3 4 5 |  5.3
Necromancy     | 1 2 3 4 5 |  5.3
Translocations | 1 2 3 4 5 |  5.3
Transmutations | 4 5 6 |  6.6
Fire Magic     | 1 2 3 4 5 |  5.3
Ice Magic      | 1 2 3 4 5 |  5.3
Air Magic      | 1 2 3 4 5 |  5.3
Earth Magic    | 1 2 3 4 5 |  5.3
Poison Magic   | 1 2 3 4 5 |  5.3
Dodging        | 5 6 7 8 |  8.0
Unarmed Combat | 7 8 9 |  9.3

Action                   |  1- 3 |  4- 6 |  7- 9 | 10-12 || total
-------------------------+-------+-------+-------+-------++-------
Melee: Unarmed           |    54 |    87 |   203 |   238 ||   582
       Kick              |     6 |       |       |       ||     6
       Bite              |     2 |       |     3 |    11 ||    16
       Headbutt          |       |     2 |       |       ||     2
       Punch             |       |     1 |       |     4 ||     5
       Dagger            |       |     2 |    16 |    12 ||    30
Throw: Stone             |       |     2 |       |       ||     2
 Cast: Beastly Appendage |     5 |     3 |       |       ||     8
       Sticks to Snakes  |     1 |     3 |    18 |    20 ||    42
       Spider Form       |     4 |    12 |    26 |    19 ||    61
       Blade Hands       |       |       |       |     9 ||     9
Invok: Bend Time         |       |       |       |     1 ||     1
 Abil: End Transformatio |       |       |       |     3 ||     3
Evoke: Wand              |       |       |       |     4 ||     4
  Use: Potion            |       |    10 |     1 |       ||    11
       Scroll            |       |       |     8 |     6 ||    14
 Stab: Distracted        |       |     2 |     5 |     3 ||    10
       Sleeping          |       |       |     5 |     4 ||     9
  Eat: Chunk             |       |     1 |    10 |     2 ||    13
       Fruit             |       |       |     4 |       ||     4
Armor: Robe              |     2 |     4 |     6 |       ||    12
       Skin              |     2 |     7 |     7 |     3 ||    19
       Ring mail         |       |       |       |    27 ||    27
Dodge: Dodged            |    29 |    81 |   176 |   236 ||   522

Table legend:
 A = Spawn XP
 B = Non-spawn XP
 C = Spawn XP percentage of total XP
 D = Spawn monster count
 E = Non-spawn monster count
 F = Spawn count percentage of total count
 G = Total turns spent on level
                    A         B        C        D         E        F      G
               +---------+---------+-------+---------+---------+-------+---------
         Total |       0 |   15930 |   0.0 |       0 |     235 |   0.0 |  3807
               +---------+---------+-------+---------+---------+-------+---------
           D:1 |       0 |      26 |   0.0 |       0 |      12 |   0.0 |   142
           D:2 |       0 |      93 |   0.0 |       0 |      18 |   0.0 |   263
           D:3 |       0 |     421 |   0.0 |       0 |      27 |   0.0 |   498
           D:4 |       0 |     777 |   0.0 |       0 |      22 |   0.0 |   320
           D:5 |       0 |     330 |   0.0 |       0 |      14 |   0.0 |   396
           D:6 |       0 |     313 |   0.0 |       0 |      13 |   0.0 |   335
           D:7 |       0 |     750 |   0.0 |       0 |      17 |   0.0 |   373
           D:8 |       0 |    5217 |   0.0 |       0 |      29 |   0.0 |   763
           D:9 |       0 |    3698 |   0.0 |       0 |      32 |   0.0 |   319
          D:10 |       0 |    2479 |   0.0 |       0 |      31 |   0.0 |   164
          D:11 |       0 |    1826 |   0.0 |       0 |      20 |   0.0 |   195
               +---------+---------+-------+---------+---------+-------+---------

Table legend:
 A = Turns spent in this place as a percentage of turns spent in the entire game.
 B = Non-inter-level travel turns spent in this place as a percentage of non-inter-level travel turns spent in the entire game.
 C = Inter-level travel turns spent in this place as a percentage of turns spent in this place.
 D = Turns resting spent in this place as a percentage of non-inter-level travel turns spent in this place.
 E = Turns spent auto-exploring this place as a percentage of non-inter-level travel turns spent in this place.
 F = Non-inter-level travel turns spent in this place divided by the number of levels of this place that you've seen.
                   A       B       C       D       E      F
               +-------+-------+-------+-------+-------+----------------------
         Total | 100.0 | 100.0 |   2.8 |   0.2 |   0.0 | 284.6
       Dungeon |  99.2 |  99.2 |   2.8 |   0.2 |   0.0 | 305.9
        Temple |   0.8 |   0.8 |   0.0 |   0.0 |   0.0 |  29.0
               +-------+-------+-------+-------+-------+----------------------

Table legend:
 A = Kills in this place as a percentage of kills in entire the game.
 B = Kills by you in this place as a percentage of kills by you in the entire game.
 C = Kills by friends in this place as a percentage of kills by friends in the entire game.
 D = Other kills in this place as a percentage of other kills in the entire game.
 E = Experience gained in this place as a percentage of experience gained in the entire game.
 F = Experience gained in this place divided by the number of levels of this place that you have seen.
                   A       B       C       D       E      F
               +-------+-------+-------+-------+-------+----------------------
         Total | 100.0 | 100.0 | 100.0 | 100.0 | 100.0 | 1225.4
       Dungeon | 100.0 | 100.0 | 100.0 | 100.0 | 100.0 | 1327.5
               +-------+-------+-------+-------+-------+----------------------

Vault maps used:
D:1:      tarquinn_simple_flora_water_c, minmay_hexomino_p4
D:2:      good_gods_temple_1, grunt_qazlal_clouds
D:3:      minmay_wonky_spiral, kennysheep_generic_room_7, uniq_grinder,
          uniq_robin
D:4:      uniq_menkaure, uniq_purgy, uniq_crazy_yiuf_cottage
D:5:      first_bread
D:6:      grunt_temple_overflow_growth_and_decay, lemuel_round_altar,
          minmay_temple_entry_overgrown
D:7:      overflow_temple_1_default, slow_altar_1,
          nicolae_overflow_hidden_temple
D:8:      lemuel_crystal_altar, yredelemnul_altar_generic, blue_anna_alchemist,
          minmay_misc_feat_iff, uniq_pikel, uniq_gastronok
D:9:      basic_altar, minmay_misc_feat_chi, uniq_joseph
D:10:     orc_0_dummy, uniq_maurice, uniq_psyche
D:11:     lair_entry_dummy, special_room, uniq_snorg
D:12:     minmay_misc_feat_room
Temple:   jpeg_temple_island
